[Event "Croatian 1B League 2022"]
[Site "Porec"]
[Date "2022.10.02"]
[Round "9.1"]
[White "Aczel, Gergely"]
[Black "Draskovic, Luka"]
[Result "1/2-1/2"]
[ECO "E62"]
[WhiteElo "2474"]
[BlackElo "2492"]
[Annotator "TA"]
[PlyCount "159"]
[EventDate "2022.09.24"]
[EventType "team-tourn"]
[EventCountry "CRO"]
[SourceTitle "playchess.com"]
[Source "ChessBase"]
[SourceQuality "1"]
[TimeControl "40/5400+30:1800+30"]

1. d4 Nf6 2. c4 d6 3. Nf3 g6 4. g3 Bg7 5. Bg2 O-O 6. O-O c6 7. Nc3 Bf5 $1 {[%emt 0:00:06][%mdl 4] now scores much better than the old 7...Qa5.} 8. Be3 {[%emt 0:01:04] E62: King's Indian: Fianchetto: 6...c6 and Panno Variation (6...Nc6) without ...a6.} Ne4 {[%emt 0:04:24] [#]} 9. Rc1 $146 ({Predecessor:} 9. Nxe4 Bxe4 10. Qd2 Re8 11. Bh6 Bh8 12. Rad1 d5 13. b3 Nd7 14. Bh3 Bxf3 15. exf3 dxc4 16. bxc4 Nb6 17. Qd3 e6 {½-½ (41) Koukouvinos,V (1719)-Anagnostopoulos,V (1357) Trikala 2021}) 9... Nxc3 10. Rxc3 {[%emt 0:00:02] White has an edge.} Be4 11. Rb3 Qc7 12. Bh3 Bxf3 13. exf3 e6 14. Bf4 e5 15. dxe5 dxe5 16. Bg5 (16. Be3 $5 ) 16... Na6 17. Rd3 Nc5 {[%emt 0:00:27] Inhibits Rd7.} 18. Rd6 h6 19. Be3 Rfd8 $1 20. Rxd8+ ({Of course not} 20. Bxc5 Bf8 21. Rxd8 Rxd8 $11) 20... Rxd8 21. Qb1 (21. Qc2 $5 Qe7 22. b4 $11) 21... b6 22. b4 Nb7 23. Rd1 Rxd1+ 24. Qxd1 Bf8 25. a3 a5 26. Qd7 Qxd7 27. Bxd7 axb4 28. axb4 $11 {[%emt 0:00:02][%mdl 4096] Endgame KBB-KBN} c5 29. bxc5 Nxc5 30. Bc6 Kg7 31. Kf1 f5 32. f4 Bd6 33. fxe5 Bxe5 34. f4 Bc3 35. Ke2 Kf7 36. Kd1 Ke7 37. Kc2 Bf6 38. Kd1 h5 39. Ke2 h4 40. Kf3 hxg3 41. hxg3 Nb3 42. Ba4 {[%emt 0:06:06] A strong pair of Bishops.} Nc5 43. Bb5 Bc3 44. g4 Kf7 45. Bg1 Ke7 46. Bf2 Kf7 47. Bc6 Bf6 48. Kg3 Ke7 49. Bd5 Ke8 50. Kf3 Ke7 {[%emt 0:00:16] The position is equal.} 51. Bg8 Kf8 52. Bd5 Ke7 53. gxf5 gxf5 54. Bg8 Kd7 55. Bd5 Kd6 56. Bf7 Ke7 57. Bg6 Ke6 58. Ke2 Bc3 59. Be8 Ke7 60. Bg6 Ke6 61. Bh5 Ke7 62. Bf3 Kd6 63. Bg2 Ne6 64. Be3 Bd4 65. Bc1 Nc5 66. Bh3 Ke6 67. Bd2 Kf6 68. Be1 Ke6 69. Bh4 Bf6 70. Bf2 Bb2 71. Kf3 Bf6 72. Bf1 Kd6 73. Be2 Kc6 74. Be3 Kd6 75. Bd1 Ke6 76. Bc2 Be7 77. Ke2 Bf6 78. Kd2 Bg7 79. Kc1 Bh6 80. Kd2 {[%emt 0:00:00] Weighted Error Value: White=0.07 (flawless) /Black=0.04 (flawless)} 1/2-1/2

[Event "Croatian 1B League 2022"]
[Site "Porec"]
[Date "2022.10.02"]
[Round "9.2"]
[White "Skuhala, Jernej"]
[Black "Medvegy, Zoltan"]
[Result "0-1"]
[ECO "B12"]
[WhiteElo "2349"]
[BlackElo "2526"]
[Annotator "TA"]
[PlyCount "74"]
[EventDate "2022.09.24"]
[EventType "team-tourn"]
[EventCountry "CRO"]
[SourceTitle "playchess.com"]
[Source "ChessBase"]
[SourceQuality "1"]
[TimeControl "40/5400+30:1800+30"]

1. e4 c6 2. d4 d5 3. e5 Bf5 4. Nf3 e6 5. Be2 Nd7 6. O-O h6 7. Nbd2 Ne7 {[%emt 0:00:15][%cal Bg8e7,Be7f5,Bf5d4,Bd4e2][%mdl 32] B12: Caro-Kann: Advance Variation.} 8. Nb3 g5 9. Ne1 {[%emt 0:00:50] 9.Bd2 is the recent fashion.} Qc7 {[%emt 0:07:00] The position is equal.} 10. Be3 O-O-O 11. Rc1 {[%emt 0:06:29] [#]} Bg6 $146 ({Predecessor:} 11... Bg7 12. Nd3 Kb8 13. Ndc5 Ka8 14. Nxd7 Qxd7 15. c4 dxc4 16. Rxc4 Qc7 17. Qc1 Be4 {½-½ (47) Hevia Alejano,C (2533)-Santarius,E (2302) Chicago 2016}) 12. Nd3 Nf5 13. Bd2 f6 14. f4 fxe5 15. fxe5 Nb6 16. Ndc5 Nxd4 17. Rxf8 Nxe2+ 18. Qxe2 Rdxf8 19. Nxe6 {[%emt 0:00:12] Pair of Knights!} Qe7 20. Nxf8 Rxf8 21. a3 {[%emt 0:04:16] [#] Strongly threatening Bb4.} Re8 22. Bc3 (22. Re1 $11) 22... Nc4 23. Qf2 ({White should try} 23. Re1 $15) 23... b6 $17 24. Nd2 (24. Re1 $142) 24... Nxe5 {[%emt 0:05:35] Black has more active pieces.} 25. Re1 Qd6 {[%emt 0:00:29] ...Ng4 is the strong threat.} 26. Bxe5 Rxe5 27. Rxe5 Qxe5 {[%emt 0:00:05][%mdl 4096] Endgame KQB-KQN} 28. c3 Kb7 29. h3 Bd3 30. Nf3 Qf4 31. h4 {[%emt 0:02:10] [#]} (31. Qe1 $17 {was worth a try.}) 31... gxh4 $1 $19 32. Nxh4 $2 (32. Nd2 Qg4 33. Kh2) 32... Qxf2+ {[%emt 0:00:40] Black is clearly winning.} 33. Kxf2 {[%emt 0:00:01] KB-KN} Be4 34. Ke3 Kc7 {[%emt 0:00:21] Threatens to win with ...Kd6.} 35. Kf4 Kd6 36. g3 Ke6 37. a4 a5 {[%emt 0:01:17] Weighted Error Value: White=0.38/Black=0.03 (flawless)} 0-1

[Event "Croatian 1B League 2022"]
[Site "Porec"]
[Date "2022.10.02"]
[Round "9.3"]
[White "Rezan, Sasa"]
[Black "Segovic, Goran"]
[Result "1-0"]
[ECO "E05"]
[WhiteElo "2388"]
[BlackElo "2304"]
[Annotator "TA"]
[PlyCount "61"]
[EventDate "2022.09.24"]
[EventType "team-tourn"]
[EventCountry "CRO"]
[SourceTitle "playchess.com"]
[Source "ChessBase"]
[SourceQuality "1"]
[TimeControl "40/5400+30:1800+30"]

1. Nf3 Nf6 2. c4 e6 3. g3 d5 4. Bg2 Be7 5. d4 O-O 6. O-O dxc4 7. Ne5 Nc6 8. Nxc6 bxc6 9. Na3 Bxa3 10. bxa3 Ba6 11. a4 {[%emt 0:04:40] E05: Open Catalan: 5 Nf3 Be7.} Qe7 (11... Qd6 $5 ) 12. Qd2 {[%emt 0:04:54][%mdl 1024] White has compensation.} Rab8 13. Qa5 {[%emt 0:08:08] White is slightly better.} Rb6 14. e4 {[%emt 0:09:51] [#] Against Nd5} ({Better is} 14. Qc3 $14) 14... Rd8 $146 ({Predecessor:} 14... Rfb8 15. a3 c3 16. Re1 c2 17. Ra2 Bd3 18. Qd2 Bc4 19. Rxc2 Bb3 20. a5 R6b7 21. Rxc6 {1-0 (31) Stupak,K (2560)-Sattarov,B (2324) Tashkent 2017}) 15. Be3 (15. a3 $1 $11) 15... Qb4 $17 16. Qe5 Rd7 17. h3 {[%emt 0:09:26] Inhibits Ng4.} Qxa4 18. d5 $2 (18. Rfc1 $15) 18... cxd5 $19 19. Bxb6 axb6 20. exd5 exd5 21. g4 {[%emt 0:05:51] [#] And now g5 would win.} h6 22. f4 Qc6 {[%emt 0:01:47] Hoping for ...Qc5+.} 23. g5 hxg5 (23... Qc5+ $19 24. Kh2 Re7) 24. fxg5 $15 Nh7 (24... Qc5+ $15 25. Kh2 Re7) 25. Qe8+ $18 Nf8 {[%emt 0:00:19] [#] Threatens to win with ...Qc5+.} 26. Rxf7 $3 {[%emt 0:00:49][%mdl 576] Pin} Qc5+ 27. Rf2 {[%emt 0:00:02] g6 would kill now.} c3 (27... Kh7 $142 28. Qxf8 Qxf8 29. Rxf8 c6) 28. g6 {[%emt 0:04:16][%cal Og2d5] White threatens Bxd5+! and mate.} c6 29. Bf1 c2 30. Kg2 (30. Rc1 $142 Ra7 31. Rcxc2) 30... d4 (30... Qe7 $18 31. Qxe7 Rxe7 32. Bxa6 Re6 33. Rxc2 Rxg6+ 34. Kh1 c5) 31. Bxa6 {[%emt 0:02:44] Quite a comeback for White.  Weighted Error Value: White=0.51/Black=0.83} 1-0

[Event "Croatian 1B League 2022"]
[Site "Porec"]
[Date "2022.10.02"]
[Round "9.4"]
[White "Makovec, Bruno"]
[Black "Plenkovic, Zdenko"]
[Result "1-0"]
[ECO "E94"]
[WhiteElo "2258"]
[BlackElo "2367"]
[Annotator "TA"]
[PlyCount "105"]
[EventDate "2022.09.24"]
[EventType "team-tourn"]
[EventCountry "CRO"]
[SourceTitle "playchess.com"]
[Source "ChessBase"]
[SourceQuality "1"]
[TimeControl "40/5400+30:1800+30"]

1. d4 Nf6 2. c4 g6 3. Nc3 Bg7 4. e4 d6 5. Nf3 O-O 6. Be2 e5 7. Be3 Nbd7 8. O-O h6 9. h3 ({Better is} 9. dxe5 $16 Nxe5 10. Nxe5 dxe5 11. Qc1) 9... b6 {[%emt 0:08:36] E94: King's Indian: Classical: 6 Be2 e5 7 0-0: Various Black 7th moves.} (9... exd4 $1 $11 {keeps the balance.} 10. Nxd4 (10. Bxd4 Re8 $11) 10... Nc5) 10. dxe5 $16 dxe5 {[%emt 0:00:22] [#]} 11. b4 $146 ({Predecessor:} 11. Qc2 Bb7 12. Rfd1 Qe8 13. b4 Qe6 14. Nd5 Rfc8 15. c5 Nxd5 16. exd5 Bxd5 17. Rxd5 Qxd5 {1-0 (38) Christ,R (2292)-Cherniaev,A (2506) Hastings 2002}) 11... Bb7 {[%emt 0:08:52] White is slightly better.} 12. Qc2 c5 13. a3 Qe7 14. Rab1 Rfc8 15. Qd3 Bf8 16. Rfc1 Ne8 17. Nd5 Qd6 18. Bd1 Bc6 19. Qd2 Kh7 20. Qb2 Ng7 21. b5 Bb7 22. Nh2 {[%emt 0:01:28] White is much more active.} (22. Qd2 $14) 22... Ne6 23. Bg4 Bg7 24. h4 (24. Bxe6 $14 Qxe6 25. f3) 24... Nd4 $11 25. h5 Rf8 26. Qd2 Nf6 27. hxg6+ fxg6 28. f3 (28. Qd3 $11) 28... Ng8 29. Rf1 h5 30. Bh3 Rf7 (30... Bxd5 $15 31. exd5 Rae8) 31. Rbe1 Raf8 32. Kh1 (32. Bxd4 $11 exd4 33. f4) 32... Bh6 $15 33. Bxh6 Nxh6 34. Qg5 Rg7 $2 {[%emt 0:03:43] [#]} (34... Kg7 $15 {keeps the upper hand.}) 35. f4 $1 $16 Nf7 36. fxe5 Qb8 $2 {[%emt 0:00:05] This move loses the game for Black.} (36... Nxg5 $16 37. exd6 Rd8) 37. Qf6 $18 {[%emt 0:00:38] And now e6 would win.} Re8 {[%emt 0:01:42] [#]} 38. e6 Ne5 39. Qg5 {[%emt 0:00:27] Threatening mate with Nf6+.} Bxd5 40. exd5 (40. cxd5 Qc7 41. Rd1 Rh8) 40... Nxc4 41. Nf3 Qd8 $2 (41... Nxf3 42. Rxf3 Qd8 43. Qxd8 Rxd8) 42. Qxd8 {[%emt 0:08:23] White is clearly winning.} Rxd8 43. Ng5+ Kg8 44. Nf7 Rxf7 45. Rxf7 Nxb5 46. e7 Re8 47. Be6 {[%emt 0:00:57] Black must now prevent Rf8+.} Nc7 48. Rf8+ Kg7 49. Rxe8 Nxe8 50. Bd7 Kf7 51. Bxe8+ Kxe8 52. Re6 b5 53. d6 {[%emt 0:00:33] Weighted Error Value: White=0.22 (precise) /Black=0.34} 1-0

[Event "Croatian 1B League 2022"]
[Site "Porec"]
[Date "2022.10.02"]
[Round "9.5"]
[White "Bilobrk, Franjo"]
[Black "Zadravec, Matija"]
[Result "1/2-1/2"]
[ECO "E16"]
[WhiteElo "2341"]
[BlackElo "2250"]
[Annotator "TA"]
[PlyCount "67"]
[EventDate "2022.09.24"]
[EventType "team-tourn"]
[EventCountry "CRO"]
[SourceTitle "playchess.com"]
[Source "ChessBase"]
[SourceQuality "1"]
[TimeControl "40/5400+30:1800+30"]

1. d4 Nf6 2. c4 e6 3. Nf3 Bb4+ 4. Bd2 Qe7 5. Nc3 b6 6. g3 Bb7 7. Bg2 O-O 8. O-O Bxc3 9. Bxc3 Ne4 10. Rc1 d6 11. d5 c5 {[%emt 0:04:25] E16: Queen's Indian: 4 g3 Bb7 5 Bg2 Bb4+.} 12. Qd3 {[%emt 0:10:38] [#]} exd5 $146 ({Predecessor:} 12... Nxc3 13. Rxc3 e5 14. Nh4 g6 15. e4 Nd7 16. Bh3 Nf6 17. Qe2 a6 18. Re3 b5 {½-½ (47) Quinteros,M (2530)-Ricardi,P (2335) Corrientes 1985}) 13. cxd5 f5 14. Nd2 (14. Nh4 {looks sharper.} g6 15. Bxe4 fxe4 16. Qd2) 14... Nxc3 15. bxc3 Nd7 16. f4 Nf6 17. e4 fxe4 18. Nxe4 Nxe4 19. Bxe4 g6 20. Rce1 {[%emt 0:06:48][%cal Oe4g6] [#] Black must now prevent Bxg6!} Qf6 21. h4 (21. f5 $5 ) 21... Bc8 {[%emt 0:01:26] Inhibits f5.} 22. h5 Kg7 23. hxg6 (23. Rf2 {is interesting.} Re8 24. Rh2 Bg4 25. hxg6 hxg6 26. Kf2) 23... hxg6 24. Re3 Bh3 25. Rfe1 Rae8 26. Bg2 (26. Bf3 $5 Rxe3 27. Qxe3 $11) 26... Bf5 27. Qb5 Rxe3 28. Rxe3 Rf7 29. Qe2 Bd7 30. Bf3 {[%emt 0:00:48] The position is equal.} Bf5 31. Kg2 Bd7 32. Kg1 Bf5 33. Kg2 Bd7 34. Kg1 {[%emt 0:04:15] A rather calm draw.  Weighted Error Value: White=0.07 (flawless) /Black=0.06 (flawless)} 1/2-1/2

[Event "Croatian 1B League 2022"]
[Site "Porec"]
[Date "2022.10.02"]
[Round "9.6"]
[White "Novak, Ivan"]
[Black "Biliskov, Vjekoslav"]
[Result "1-0"]
[ECO "D03"]
[WhiteElo "2247"]
[BlackElo "2245"]
[Annotator "TA"]
[PlyCount "177"]
[EventDate "2022.09.24"]
[EventType "team-tourn"]
[EventCountry "CRO"]
[SourceTitle "playchess.com"]
[Source "ChessBase"]
[SourceQuality "1"]
[TimeControl "40/5400+30:1800+30"]

1. d4 Nf6 2. Nf3 b6 3. Bg5 Bb7 4. Nbd2 g6 5. e3 Bg7 6. Bd3 O-O 7. O-O c5 8. c3 d5 9. Ne5 {[%emt 0:04:09] D03: 1 d4 d5 2 Nf3 Nf6 3 Bg5, including Torre Attack with early ...d5.} Nfd7 10. Nxd7 Nxd7 11. f4 {[%emt 0:00:14] The position is equal.} Qe8 12. Qg4 {[%emt 0:18:54] [#]} f6 $146 ({Predecessor:} 12... e6 13. Qh3 a6 14. Bh6 Bxh6 15. Qxh6 Qe7 16. Rae1 b5 17. Rf3 Rfc8 18. g4 b4 {1-0 (41) Nikolic,Z-Cvitan,O Borovo 1981}) 13. Bb5 e6 14. Bh4 a6 15. Bd3 e5 16. fxe5 fxe5 17. Rxf8+ Nxf8 18. dxe5 Qxe5 19. e4 c4 20. Bc2 b5 21. Nf3 {[%emt 0:02:49] Prevents d4.} Qe6 22. Qf4 h6 23. exd5 Bxd5 24. Re1 Qf7 25. Qd6 Bxf3 (25... Qd7 $142 26. Qxd7 Nxd7) 26. gxf3 $16 Qxf3 (26... Ra7 $16 {was necessary.}) 27. Re7 $1 $18 Rc8 28. Qxa6 {[%emt 0:01:54] The board is on fire.} ({White has to play} 28. Be4 $1 $16 Qg4+ 29. Bg3) 28... Qg4+ 29. Bg3 Rd8 30. Qb7 (30. Qxb5 $5 Rd2 31. Ba4 $14 (31. Qe8 $2 Qf3 $19)) 30... Bf6 31. Re1 Rd2 (31... Bh4 $11 32. Qe4 (32. Re4 Qg5 $11) 32... Qxe4 33. Bxe4 Bxg3 34. hxg3 Rd6) 32. Be4 $1 $16 Rd1 (32... Qg5 $142) 33. Bd5+ ({Better is} 33. Rxd1 $1 $16 {White threatens Bd5+ and mate.} Qxd1+ 34. Kf2) 33... Kh8 $11 {[%emt 0:00:12] ( -> ...Rxe1+)} 34. Rxd1 (34. Kh1 $2 Rxe1+ 35. Bxe1 Qe2 $19) 34... Qxd1+ 35. Kg2 Qe2+ (35... Ne6 $1 $11 {remains equal.}) 36. Kg1 (36. Bf2 $1 $16 {Threatens to win with Qf7.} Ne6 37. Qc8+ Nd8 38. Qc5) 36... Qd1+ 37. Kg2 ({White should play} 37. Kf2 $11 Qd2+ 38. Kf1 Qd1+ 39. Be1) 37... Qe2+ $16 {[%emt 0:00:13] [#]} 38. Kg1 (38. Bf2 $1 $16 {Hoping for Qf7.} Ne6 39. Qc8+ Nd8 40. Qc5) 38... Qd1+ $11 39. Kf2 Qd2+ 40. Kf1 {[%emt 0:00:00] Strongly threatening Qf7.} Qd3+ (40... Qd1+ $11 41. Be1 Qd3+ 42. Kg1 Qb1) 41. Kg2 $16 {[%emt 0:13:51] Black must now prevent Qf7. Active counter play!} Qe2+ {[%emt 0:05:47] [#]} 42. Bf2 $1 {[%emt 0:01:20] And now Qf7 would win. White stays focused until the end.} Qg4+ $2 (42... Bh4 $2 43. Qf7 Qxf2+ 44. Qxf2 Bxf2 45. Kxf2 $18) (42... Ne6 $16) 43. Kh1 $18 {[%emt 0:03:16] Qf7 is the strong threat.} Qd7 44. Qc6 Kg7 45. Bc5 $40 {[%emt 0:01:06][%mdl 128] Threatening mate with Bxf8+. Black is in trouble.} Qf5 $2 (45... Qxc6 46. Bxc6 Ne6) 46. Qb7+ ({And not} 46. Bxf8+ Kxf8 47. Qd6+ Be7 48. Qb8+ Kg7 49. Qg8+ Kf6 50. Qf7+ Ke5 51. Qxe7+ Kxd5 52. Qb7+ Kc5 53. Qc7+ Kd5 54. Qb7+ Ke6 55. Qb6+ Kd7 $11) 46... Nd7 47. Bg1 {[%emt 0:00:44] A strong pair of Bishops.} Kf8 48. Bc6 Nc5 49. Qxb5 Nd3 50. Qb8+ ({But not} 50. Qxc4 $2 Qf1 51. Qxd3 Qxd3 $19) 50... Kg7 51. Qb7+ Kh8 $2 (51... Kf8 52. Bd5 Bh4 53. Bxc4 Nf2+ 54. Bxf2 Bxf2) 52. Bd5 {[%emt 0:00:31] White wants to mate with Qb8+.} Be5 {[%emt 0:00:47] Against Qb8+} 53. Qa8+ Kg7 54. Qg8+ Kf6 55. Qd8+ Kg7 56. Qe7+ Kh8 57. a4 h5 58. Qe6 Qxe6 59. Bxe6 {[%emt 0:00:01][%mdl 4096] Endgame KBB-KBN} Bc7 (59... Nxb2 $2 60. a5 $18) 60. Bxc4 Nxb2 61. Bb5 Kg7 62. Bd4+ Kf7 63. Kg2 {[%emt 0:00:42] aiming for Kf3.} Ke6 64. h4 Kf5 $2 (64... Kd5 65. Bg1 (65. Be8 Nd3 $16) 65... Nc4) 65. Bd7+ $2 (65. Kf3 g5 66. hxg5) 65... Kf4 66. Bf6 Nc4 (66... Nd3 $142 67. Bg5+ Ke4 68. Bc6+ Kf5) 67. Bg5+ Ke4 68. Be8 Kf5 69. Bf7 Ne5 70. Bd5 Bb6 (70... Ba5 $16 {was called for.} 71. c4 Nd3) 71. Be7 Ng4 72. Bb7 Ne3+ 73. Kf3 Nc4 74. Bd5 Ne5+ $2 (74... Nb2 75. Be4+ Ke6) 75. Ke2 Ng4 (75... Nd7 $142 76. Bb4 Bg1) 76. Bb4 g5 77. hxg5 Kxg5 78. a5 Ba7 79. Bd6 Nf6 (79... Ne3 $142 80. Bf3 Nc4) 80. Bc6 Kf5 81. Bc7 Ke6 82. Kd3 h4 83. Kc4 {[%emt 0:00:23] Inhibits Nd5.} h3 84. Bb6 Bxb6 85. axb6 {[%emt 0:00:02] b7 would kill now.} Kd6 86. Kb5 h2 87. c4 Nd7 {[%emt 0:00:36] Prevents c5+.} 88. Bh1 Nb8 89. c5+ {[%emt 0:00:30] Weighted Error Value: White=0.25 (precise) /Black=0.34} 1-0

[Event "Croatian 1B League 2022"]
[Site "Porec"]
[Date "2022.10.02"]
[Round "9.7"]
[White "Teclaf, Pawel"]
[Black "Brkic, Ante"]
[Result "1/2-1/2"]
[WhiteElo "2547"]
[BlackElo "2602"]
[Annotator "TA"]
[PlyCount "37"]
[EventDate "2022.09.24"]
[EventType "team-tourn"]
[EventCountry "CRO"]
[SourceTitle "playchess.com"]
[Source "ChessBase"]
[SourceQuality "1"]
[TimeControl "40/5400+30:1800+30"]

1. Nf3 Nf6 2. g3 g6 3. d4 d5 4. Bg2 Bg7 5. O-O c6 6. c4 O-O 7. cxd5 cxd5 8. Nc3 e6 {[%emt 0:00:22] Recently 8...Ne4 got a lot of attention.} 9. Bf4 {[%emt 0:00:23] [#]} {Predecessor:} Nc6 $146 {D79: Fianchetto Grünfeld: Symmetrical Variation (6 0-0 c6 7 cxd5 cxd5).} 10. Ne5 Bd7 11. Qd2 Nxe5 12. Bxe5 Rc8 13. Rac1 Qe7 14. Rfd1 Rfd8 15. h4 h6 16. Bf3 Ne8 17. Bxg7 Kxg7 18. e3 Nd6 19. b3 {½-½ (27) Meier,G (2628)-Kamsky,G (2658) Dortmund 2021} 1/2-1/2

[Event "Croatian 1B League 2022"]
[Site "Porec"]
[Date "2022.10.02"]
[Round "9.8"]
[White "Saraci, Nderim"]
[Black "Sprenger, Jan Michael"]
[Result "1/2-1/2"]
[WhiteElo "2490"]
[BlackElo "2475"]
[Annotator "TA"]
[PlyCount "32"]
[EventDate "2022.09.24"]
[EventType "team-tourn"]
[EventCountry "CRO"]
[SourceTitle "playchess.com"]
[Source "ChessBase"]
[SourceQuality "1"]
[TimeControl "40/5400+30:1800+30"]

1. e4 c5 2. c3 d5 3. exd5 Qxd5 4. d4 Nf6 5. Nf3 Bg4 6. Be2 e6 7. O-O cxd4 8. cxd4 Be7 9. Nc3 Qa5 {[%emt 0:00:04] B22: Sicilian: 2 c3.} 10. h3 {[%emt 0:00:04] [#] An uneventful encounter.} (10. Qb3 $5 Qb6 11. Qxb6 axb6 12. Bb5+ Nc6 13. Ne5 $16) {Predecessor:} 10... Bh5 $146 11. Qb3 Qb4 12. g4 Bg6 13. g5 Ne4 14. Qxb4 Bxb4 15. Nb5 Na6 16. Nh4 Ke7 {½-½ (56) Mammadova,N (2198)-Ayazmali,G (1839) Izmir 2016} 1/2-1/2

[Event "Croatian 1B League 2022"]
[Site "Porec"]
[Date "2022.10.02"]
[Round "9.9"]
[White "Muha, Miljenko"]
[Black "Milanovic, Danilo"]
[Result "1/2-1/2"]
[WhiteElo "2298"]
[BlackElo "2403"]
[Annotator "TA"]
[PlyCount "31"]
[EventDate "2022.09.24"]
[EventType "team-tourn"]
[EventCountry "CRO"]
[SourceTitle "playchess.com"]
[Source "ChessBase"]
[SourceQuality "1"]
[TimeControl "40/5400+30:1800+30"]

1. Nf3 Nf6 2. g3 d5 3. Bg2 c6 4. O-O Bf5 5. d4 e6 6. c4 Nbd7 7. Nc3 Be7 8. Nd2 {[%emt 0:00:05] [#]} {Predecessor:} O-O $146 {D11: Slav Defence: 3 Nf3 sidelines and 3...Nf6 4 e3 Bg4.} 9. e4 dxe4 10. Ndxe4 Nxe4 11. Nxe4 Nf6 12. Re1 Nxe4 13. Bxe4 Bxe4 14. Rxe4 Bf6 15. Be3 Qa5 16. Qb3 {½-½ (25) Batsuren,D (2481)-Batchuluun,T (2534) Ulaanbaatar 2020} 1/2-1/2

[Event "Croatian 1B League 2022"]
[Site "Porec"]
[Date "2022.10.02"]
[Round "9.11"]
[White "Sekelja, Marko"]
[Black "Soldo, Robert"]
[Result "1/2-1/2"]
[WhiteElo "2088"]
[BlackElo "2115"]
[Annotator "TA"]
[PlyCount "30"]
[EventDate "2022.09.24"]
[EventType "team-tourn"]
[EventCountry "CRO"]
[SourceTitle "playchess.com"]
[Source "ChessBase"]
[SourceQuality "1"]
[TimeControl "40/5400+30:1800+30"]

1. e4 e5 2. Nf3 Nc6 3. Bb5 a6 4. Ba4 Nf6 5. d3 d6 6. O-O Be7 7. Nc3 O-O {[%emt 0:00:08] C84: Closed Ruy Lopez: Unusual White 6th moves.} 8. Bg5 (8. Bxc6 $11 {is more appropriate.} bxc6 9. b3) 8... Bg4 {[%emt 0:00:10] [#] A rather calm draw.} {Predecessor:} 9. b4 $146 Nxb4 10. Rb1 c5 11. Nd5 Nbxd5 12. exd5 Nxd5 13. Bxe7 Qxe7 14. d4 Nc3 15. Qc1 Nxa4 {0-1 (36) Zambrano Ferrin,E-Malusin Valarezdo,B Chess.com INT 2020} 1/2-1/2

[Event "Croatian 1B League 2022"]
[Site "Porec"]
[Date "2022.10.02"]
[Round "9.12"]
[White "Dabic, Stjepan"]
[Black "Tomas, Ante"]
[Result "1/2-1/2"]
[WhiteElo "2096"]
[BlackElo "2137"]
[Annotator "TA"]
[PlyCount "37"]
[EventDate "2022.09.24"]
[EventType "team-tourn"]
[EventCountry "CRO"]
[SourceTitle "playchess.com"]
[Source "ChessBase"]
[SourceQuality "1"]
[TimeControl "40/5400+30:1800+30"]

1. Nf3 f5 2. g3 Nf6 3. Bg2 g6 4. O-O Bg7 5. d3 O-O {[%emt 0:00:08] The position is equal.} 6. Nbd2 {[%emt 0:00:07] A04: Unusual lines after 1 Nf3 and King's Indian Attack.} e6 7. c3 d5 {[%emt 0:00:04] [#] A rather calm draw.  Weighted Error Value: White=0.04 (flawless) /Black=0.06 (flawless)} {Predecessor:} 8. h3 $146 Nbd7 9. Nh2 e5 10. f3 c6 11. Qc2 Qb6+ 12. Kh1 Nh5 13. Ne4 fxe4 14. e3 Nxg3+ 15. Kg1 Nxf1 16. Kxf1 exd3 17. Qxd3 e4 18. Qe2 exf3 19. Nxf3 {0-1 (19) Trueman,F (1566)-Czarny,K (1710) Winnipeg 2009} 1/2-1/2

[Event "Croatian 1B League 2022"]
[Site "Porec"]
[Date "2022.10.02"]
[Round "9.13"]
[White "Doric, Darko"]
[Black "Movsesian, Sergei"]
[Result "0-1"]
[ECO "D00"]
[WhiteElo "2457"]
[BlackElo "2619"]
[Annotator "TA"]
[PlyCount "76"]
[EventDate "2022.09.24"]
[EventType "team-tourn"]
[EventCountry "CRO"]
[SourceTitle "playchess.com"]
[Source "ChessBase"]
[SourceQuality "1"]
[TimeControl "40/5400+30:1800+30"]

1. d4 Nf6 2. Bg5 d5 3. e3 c5 4. Bxf6 gxf6 5. dxc5 e6 6. Nf3 {[%emt 0:00:06] D00: 1 d4 d5: Unusual lines.} Bxc5 7. Be2 Nc6 8. O-O {[%emt 0:00:18] [#] The position is equal.} a6 $146 ({Predecessor:} 8... f5 9. c4 d4 10. b4 Bxb4 11. exd4 O-O 12. Qb3 Bd6 13. Rd1 Qf6 14. Nc3 b6 {½-½ (39) Erigaisi,A (2725)-Wojtaszek,R (2696) chess24.com INT 2022}) 9. c4 dxc4 10. Qxd8+ Kxd8 11. Rd1+ Ke7 12. Bxc4 Bd7 (12... Bb6 {is more complex.} 13. Nc3 Bd7 14. g3 Rac8) 13. Nbd2 (13. Nc3 {looks sharper.} Ne5 14. Be2 Bb6 15. Nd4) 13... Rhd8 14. Rac1 Ba7 15. a3 Be8 16. Kf1 Rac8 17. b4 a5 (17... Ne5 $5 18. Be2 Nxf3 19. Nxf3 Rxd1+ 20. Rxd1 Ba4 $15) 18. b5 Ne5 19. Nxe5 fxe5 20. a4 Rc7 21. Rc2 f6 22. Ke2 Bg6 (22... f5 {keeps more tension.} 23. f3 Bh5 24. e4 Rcd7) 23. Rc3 Bb6 {[%emt 0:12:51] Black has more active pieces.} 24. Rdc1 Rcd7 25. Nb3 (25. Nf1 $1 $15) 25... Bh5+ $1 $17 {[%emt 0:01:46] A strong pair of Bishops.} 26. f3 e4 27. g4 exf3+ $1 28. Kxf3 Bg6 29. Be2 h5 {[%emt 0:03:41] White must now prevent ...hxg4+.} 30. h3 hxg4+ 31. hxg4 Rh8 32. Kg3 {[%emt 0:03:25] [#] Against Rh2} Ba7 (32... f5 $1 $17 33. Rc8 Rh7) 33. Bf3 $15 Bb8+ 34. Kg2 Be5 35. Nd4 {[%emt 0:04:52] [#]} ({White should play} 35. Rc8 $1 $15 Rxc8 36. Rxc8) 35... Rh2+ $1 $17 ({But not} 35... Bxd4 $6 36. exd4 Rxd4 37. Rc7+ Kd6 38. Rxb7 $11) 36. Kg1 Ra2 37. b6 Rxa4 38. Bxb7 $2 (38. Rc4 $17 {is more resistant.} Bxd4 39. exd4 Rxd4 40. Rc7+ Kd6 41. Bxb7) 38... Raxd4 {[%emt 0:01:04] Weighted Error Value: White=0.35/Black=0.06 (flawless)} ({Worse is} 38... Rxb7 39. Rc7+ Rxc7 40. bxc7 Bxc7 41. Rxc7+ Ke8 42. Nxe6 $15) 0-1